 Dungeon Crawl Stone Soup version 0.28.0-53-g5a82cb258f (webtiles) character file.

Game seed: 13283251332694679754

438 H0rd4k the Charlatan (level 7, -5/51 HPs)
             Began as a Human Artificer on Aug 8, 2022.
             Slain by a phantom (8 damage)
             ... on level 4 of the Dungeon.
             The game lasted 00:03:47 (4752 turns).

H0rd4k the Charlatan (Human Artificer)              Turns: 4752, Time: 00:03:47

Health: -5/51      AC:  3    Str: 13    XL:     7   Next: 22%
Magic:  7/7        EV: 12    Int: 13    God:
Gold:   74         SH:  0    Dex: 13    Spells: 6/6 levels left

rFire   . . .      SeeInvis .   s - +0 dagger (venom)
rCold   . . .      Faith    .   (no shield)
rNeg    . . .      Spirit   .   b - +0 leather armour
rPois   .          Reflect  .   (no helmet)
rElec   .          Harm     .   (no cloak)
rCorr   .          Rampage  .   (no gloves)
Will    .....                   (no boots)
Stlth   +.........              (no amulet)
HPRegen 0.17/turn               (no ring)
MPRegen 0.10/turn               (no ring)

@: no status effects
A: no striking features
a: no special abilities


You were on level 4 of the Dungeon.
You visited 2 branches of the dungeon, and saw 6 of its levels.

You collected 74 gold pieces.

Inventory:

Hand Weapons
 i - a +0 mace of protection
 r - a +0 short sword of holy wrath
 s - a +0 dagger of venom (weapon)
Missiles
 j - 5 poisoned darts
Armour
 b - a +0 leather armour (worn)
Jewellery
 l - an amulet of regeneration
 t - a ring of ice
 u - a ring of poison resistance
Wands
 d - a wand of charming (7)
Scrolls
 f - 2 scrolls of teleportation {unknown}
 g - a scroll of brand weapon {unknown}
 h - 3 scrolls of enchant armour {unknown}
 o - a scroll of holy word {unknown}
 q - 2 scrolls of identify {unknown}
Potions
 a - a potion of flight {unknown}
 k - 3 potions of curing {unknown}
 m - a potion of invisibility {unknown}
 n - a potion of degeneration {unknown}
 p - 2 potions of magic {unknown}
Miscellaneous
 e - a piece from Xom's chessboard (15/15)


   Skills:
 + Level 2.4 Fighting
 + Level 1.3 Short Blades
 + Level 4.1 Maces & Flails
 - Level 2.0 Armour
 + Level 2.6 Dodging
 - Level 1.0 Stealth
 + Level 4.8 Evocations


You had 6 spell levels left.
You didn't know any spells.
Your spell library was empty.

Dungeon Overview and Level Annotations

Branches:
Dungeon (5/15)             Temple (1/1) D:4

Altars:
Ashenzari
Cheibriados
Dithmenos
Elyvilon
Fedhas
Kikubaaqudgha
Makhleb
Nemelex Xobeh
Okawaru
Trog
Uskayaw
Vehumet
Wu Jian
Yredelemnul
Zin
The Shining One

Shops:
D:1 (

Annotations:
D:1 exclusion: downstairs
D:2 Robin
D:4 exclusion: downstairs
D:5 Dowan


Message History

The howler monkey zombie is moderately damaged.
The howler monkey zombie hits you.
You hit the howler monkey zombie.
The howler monkey zombie is heavily damaged.
The howler monkey zombie hits you.
You barely miss the howler monkey zombie.
The howler monkey zombie is heavily damaged.
The howler monkey zombie misses you.
The iguana hisses angrily.
The phantom closely misses you. The howler monkey zombie hits you.
You climb upwards.
Level annotation: exclusion: downstairs
There is a stone staircase leading down here.
You closely miss the phantom. The phantom hits you!
The phantom blinks!
You blink.
You miss the phantom. The phantom hits you.
You hit the phantom.
The phantom is lightly damaged.
You hit the phantom.
The phantom is moderately damaged.
The phantom hits you!
The phantom blinks!
You blink.
The phantom hits you!
* * * LOW HITPOINT WARNING * * *
The phantom blinks!
You blink.
You completely miss the phantom.
The phantom is moderately damaged.
The phantom hits you!
* * * LOW HITPOINT WARNING * * *
The phantom blinks!
You blink.
Aiming: Charm
Press: ? - help, Shift-Dir - straight line, f - phantom
Aim: a phantom (moderately damaged, chance to affect: 43%)
The phantom resists with some effort.
The phantom hits you.
* * * LOW HITPOINT WARNING * * *
Unknown command.
Aiming: Charm
Press: ? - help, Shift-Dir - straight line, f/p - phantom
Aim: a phantom (moderately damaged, chance to affect: 43%)
The phantom resists with some effort.
The phantom hits you!
You die...

..........'...'.........[.#.....#
.........##...###################
.........#######................#
.........###.....#####....##.####
.......>..§§.....#.........#.#
......§.####....§#.##.###..#.#
..#####.####.....#.#....#..#.#
..# #.[....#'#W#.#..#....#.# ..#
#.####.#.#@#.#.......#.# .## #[.#
#.#.#.#.#...#####.# .#
#..###.#.#.#.#...# #.# ##
#...##.#.#.#.#...# #.#
#.#....#.#.#.#...# #.#
#######.#..###.#.#.#...# #.#
...............#.#.#...#####.#
.....##.#......#.#.#.....<##.#
.....##.#........<.#.#.#####.#


You could see a phantom.

Vanquished Creatures
  Menkaure (D:4)
  A hound (D:3)
  An orc priest (D:4)
  2 orc wizards (D:4)
  5 adders
  A shadow imp (D:3)
  A worm (D:3)
  2 dart slugs
  10 orcs
  9 ball pythons
  3 endoplasms
  8 goblins
  2 hobgoblins
  2 kobolds
  2 quokkas
  3 bats
  A frilled lizard (D:3)
54 creatures vanquished.

Vanquished Creatures (collateral kills)
  Duvessa (D:5)
  4 orcs (D:4)
5 creatures vanquished.

Grand Total: 59 creatures vanquished

Notes
Turn   | Place    | Note
-------+----------+-------------------------------------------
     0 | D:1      | H0rd4k the Human Artificer began the quest for the Orb.
     0 | D:1      | Reached XP level 1. HP: 15/15 MP: 1/1
    55 | D:1      | Found Taliff's Weapon Boutique.
   130 | D:1      | Reached XP level 2. HP: 19/21 MP: 2/2
   730 | D:2      | Noticed Robin
  1107 | D:3      | Reached skill level 1 in Maces & Flails
  1107 | D:3      | Reached XP level 3. HP: 11/26 MP: 3/3
  1358 | D:3      | Reached XP level 4. HP: 3/32 MP: 4/4
  2096 | D:3      | Reached XP level 5. HP: 30/37 MP: 5/5
  3126 | D:4      | Found a staircase to the Ecumenical Temple.
  3224 | Temple   | Entered the Ecumenical Temple
  3420 | D:4      | Reached XP level 6. HP: 37/44 MP: 6/6
  4243 | D:4      | Noticed Menkaure
  4246 | D:4      | Killed Menkaure
  4444 | D:5      | Entered Level 5 of the Dungeon
  4444 | D:5      | Noticed Dowan
  4447 | D:5      | Noticed Duvessa
  4460 | D:5      | Killed Duvessa
  4461 | D:5      | Reached skill level 1 in Short Blades
  4461 | D:5      | Reached XP level 7. HP: 9/51 MP: 7/7
  4751 | D:4      | HP: 2/51 [phantom (4)]
  4752 | D:4      | Slain by a phantom

Illustrated notes

Levels and vault maps discovered:
D:1:      lemuel_arrival_hallway, layout_basic, serial_corexii_hall,
          chequers_hall_statues_corner_a, corexii_hall_statues_i, serial_shops,
          nicolae_shop_bloodbath_and_beyond, chequers_arboretum
D:2:      layout_basic, chequers_ecumenical_altar_simple_redux, serial_shops,
          nicolae_shop_competitors_out_of_business, uniq_robin, uniq_sigmund
D:3:      layout_loops_ring
D:4:      layout_basic, minmay_temple_entry_overgrown, minivault_25,
          uniq_menkaure
D:5:      layout_cave_pools, nicolae_sif_muna_condensation,
          kennysheep_generic_room_4, uniq_duvessa
Temple:   nicolae_temple_elliptical

Skill      XL: |  1  2  3  4  5  6 |
---------------+-------------------+-----
Maces & Flails | 1 2 3 4 |  4.1
Evocations     | 4 |  4.8
Dodging        | 2 |  2.6
Fighting       | 2 |  2.4
Short Blades   | 1 |  1.3
Armour         | |  2.0
Stealth        | |  1.0

Action                   |  1- 3 |  4- 6 |  7- 9 || total
-------------------------+-------+-------+-------++-------
Melee: Club              |    20 |       |       ||    20
       Mace              |    62 |    96 |       ||   158
       Punch             |     3 |     3 |       ||     6
       Dagger            |       |    64 |     9 ||    73
Evoke: Wand              |       |    21 |     2 ||    23
 Stab: Sleeping          |     1 |     1 |     1 ||     3
Armor: Leather armour    |    46 |    48 |       ||    94
Dodge: Dodged            |    58 |    86 |     2 ||   146
